 Dungeon Crawl Stone Soup version 0.24-a0-769-g368c164 (webtiles) character file.

Game seed: 5631593949374098923, levelgen mode: deterministic

77472 ejonkindoriin the Peltast (level 15, -4/139 HPs)
             Began as a Minotaur Fighter on Oct 4, 2019.
             Was the Champion of Okawaru.
             Drowned by a drowned soul (12 damage)
             ... summoned by a merfolk avatar
             ... on level 6 of the Lair of Beasts.
             The game lasted 01:29:38 (21410 turns).

ejonkindoriin the Peltast (Minotaur Fighter)       Turns: 21410, Time: 01:29:40

Health: -4/139     AC: 45    Str: 21    XL:     15   Next: 15%
Magic:  15/19      EV: 10    Int:  8    God:    Okawaru [******]
Gold:   72         SH: 30    Dex: 15    Spells: 14/14 levels left

rFire    + + .     SeeInvis .   a - +2 flail (protect)
rCold    + . .     Gourm    .   S - +6 large shield of the Sea {rElec rF+ rCorr Int-3}
rNeg     + . .     Faith    .   E - +9 plate armour "Vokits" {Str-2 Dex+4}
rPois    +         Spirit   .   V - +2 hat "Pujilig" {rN+ Slay+4}
rElec    +         Reflect  .   P - +0 cloak
rCorr    +         Harm     .   U - +0 pair of gloves of the Illusory Planets {MR++ Int+3}
MR       +++..                  e - +3 pair of boots of Okawaru's Outrage {rElec rC+ Slay+2}
Stlth    ..........             J - amulet of regeneration
HPRegen  0.73/turn              j - ring of poison resistance
MPRegen  0.16/turn              Q - ring of Cunnaf {rElec rF+ Slay+2}

@: lethally poisoned (-4 -> -4), heroism, protection aura, mesmerised, hasted,
slow
A: retaliatory headbutt, horns 2
a: Heroism, Finesse, Renounce Religion


You were on level 6 of the Lair of Beasts.
You worshipped Okawaru.
Okawaru was exalted by your worship.
You were hungry.

You visited 3 branches of the dungeon, and saw 22 of its levels.

You collected 1353 gold pieces.
You spent 1281 gold pieces at shops.

Inventory:

Hand Weapons
 a - a +2 flail of protection (weapon)
 b - a +5 flail
Missiles
 R - 413 stones (quivered)
Armour
 e - the +3 pair of boots of Okawaru's Outrage (worn) {rElec rC+ Slay+2}
   (You bought it in a shop on level 8 of the Dungeon)

   It affects your accuracy and damage with ranged weapons and melee attacks
   (+2).
   It protects you from cold.
   It insulates you from electricity.
 E - the +9 plate armour "Vokits" (worn) {Str-2 Dex+4}
   (Okawaru gifted it to you on level 13 of the Dungeon)

   It affects your strength (-2).
   It affects your dexterity (+4).
 P - a +0 cloak (worn)
 S - the +6 large shield of the Sea (worn) {rElec rF+ rCorr Int-3}
   (You bought it in a shop on level 4 of the Dungeon)

   It affects your intelligence (-3).
   It protects you from fire.
   It insulates you from electricity.
   It provides partial protection from all sources of acid and corrosion.
 U - the +0 pair of gloves of the Illusory Planets (worn) {MR++ Int+3}
   (Okawaru gifted it to you on level 12 of the Dungeon)

   It affects your intelligence (+3).
   It affects your resistance to hostile enchantments.
 V - the +2 hat "Pujilig" (worn) {rN+ Slay+4}
   (Okawaru gifted it to you on level 4 of the Lair of Beasts)

   It affects your accuracy and damage with ranged weapons and melee attacks
   (+4).
   It protects you from negative energy.
Jewellery
 j - a ring of poison resistance (left hand)
 J - an amulet of regeneration (around neck)
 L - an uncursed ring of ice
 Q - the ring of Cunnaf (right hand) {rElec rF+ Slay+2}
   (You found it on level 10 of the Dungeon)

   [ring of slaying]

   It affects your accuracy and damage with ranged weapons and melee attacks
   (+2).
   It protects you from fire.
   It insulates you from electricity.
Wands
 n - a wand of digging (7)
 p - a wand of enslavement (9)
 r - a wand of disintegration (8)
 u - a wand of paralysis (6)
Scrolls
 h - 11 scrolls of remove curse
 l - 5 scrolls of enchant weapon
 s - 6 scrolls of teleportation
 w - 3 scrolls of enchant armour
 y - a scroll of torment {unknown}
 A - 5 scrolls of fear
 G - a scroll of summoning {unknown}
 I - 2 scrolls of blinking
 T - 2 scrolls of fog
 W - a scroll of vulnerability {unknown}
 Z - 2 scrolls of immolation {unknown}
Potions
 c - 3 potions of magic
 d - 2 potions of might
 i - 2 potions of curing
 k - 2 potions of berserk rage
 m - 4 potions of flight
 o - 2 potions of lignification
 q - 3 potions of brilliance
 v - a potion of agility {unknown}
 x - 2 potions of mutation {unknown}
 z - 2 potions of haste
 D - a potion of ambrosia
 F - 2 potions of cancellation
Comestibles
 f - 34 rations
 g - 6 chunks of flesh


   Skills:
 + Level 14.4(19.4) Fighting
 - Level 14.0(19.0) Maces & Flails
 + Level 14.4(19.4) Armour
 * Level 17.1(22.1) Shields
 + Level 7.9 Invocations
 - Level 5.0 Evocations


You had 14 spell levels left.
You didn't know any spells.
Your spell library contained the following spells:

 Spells                   Type           Power        Failure   Level  Hunger
 Corona                   Hex            #......      99%         1    ##.....
 Flame Tongue             Conj/Fire      #....        99%         1    ##.....
 Magic Dart               Conj           #...         99%         1    ##.....
 Summon Small Mammal      Summ           #...         99%         1    ##.....
 Call Imp                 Summ           #.......     100%        2    ###....
 Ensorcelled Hibernation  Hex/Ice        #.....       100%        2    ###....
 Searing Ray              Conj           #.....       100%        2    ###....
 Throw Flame              Conj/Fire      #.....       100%        2    ###....
 Call Canine Familiar     Summ           #.......     100%        3    ####...
 Confuse                  Hex            #.......     100%        3    ####...
 Conjure Flame            Conj/Fire      #.......     100%        3    ####...
 Dazzling Spray           Conj/Hex       #.....       100%        3    ####...
 Inner Flame              Hex/Fire       #.......     100%        3    ####...
 Summon Guardian Golem    Hex/Summ       #.......     100%        3    ####...
 Tukima's Dance           Hex            #.......     100%        3    ####...
 Cause Fear               Hex            #.........   100%        4    #####..
 Force Lance              Conj/Tloc      #.......     100%        4    #####..
 Fulminant Prism          Conj/Hex       #.........   100%        4    #####..
 Iskenderun's Mystic Bla  Conj           #.......     100%        4    #####..
 Sticky Flame             Conj/Fire      #.......     100%        4    #####..
 Summon Ice Beast         Ice/Summ       #.......     100%        4    #####..
 Summon Lightning Spire   Summ/Air       #.......     100%        4    #####..
 Fireball                 Conj/Fire      #.........   100%        5    ######.
 Silence                  Hex/Air        #.........   100%        5    ######.
 Yara's Violent Unravell  Hex/Tmut       #.........   100%        5    ######.
 Deflect Missiles         Chrm/Air       #.........   100%        6    #######
 Discord                  Hex            #.........   100%        8    #######


Dungeon Overview and Level Annotations

Branches:
Dungeon (15/15)            Temple (1/1) D:4            Lair (6/6) D:10
 Shoals (0/4) Lair:2       Spider (0/4) Lair:3          Orc (0/2) D:11
 Vaults (0/5) D:13         Depths (0/5) D:15
  Slime: Lair:5-6

Altars:
Ashenzari
Cheibriados
Dithmenos
Elyvilon
Fedhas
Gozag
Hepliaklqana
Kikubaaqudgha
Makhleb
Nemelex Xobeh
Okawaru
Qazlal
Ru
Sif Muna
Uskayaw
Vehumet
Wu Jian
Xom
Yredelemnul
Zin

Shops:
D:4 [   D:8 (([   D:15 [

Annotations:
Lair:3 exclusion: 4 oklob plants


Innate Abilities, Weirdness & Mutations

You reflexively headbutt those who attack you in melee.
You have a pair of horns on your head.


Message History

The merfolk avatar chants its luring song.
Your shield and plate armour "Vokits" prevent you from hitting the merfolk avatar.
The merfolk avatar is almost dead.
You are feeling hungry.
You feel sick. The drowned soul touches you. The drowned soul drowns you!
* * * LOW HITPOINT WARNING * * *
You block the drowned soul's attack.
The merfolk avatar chants its luring song.
You gain the combat prowess of a mighty hero.
You block the drowned soul's attack. The drowned soul touches you.
The drowned soul drowns you!
* * * LOW HITPOINT WARNING * * *
The merfolk avatar chants its luring song.
You feel yourself speed up.
You feel sick.
The drowned soul returns to the deep!
You block the drowned soul's attack. You block the basilisk's attack.
The drowned soul touches you. The drowned soul drowns you!
* * * LOW HITPOINT WARNING * * *
The drowned soul touches you. The drowned soul drowns you!
You die...

#≈P ≈≈ P≈≈
########.#### ..≈
#8≈≈≈≈≈≈P≈≈≈≈
#.≈≈#≈≈≈≈≈≈≈≈≈≈≈≈
≈≈≈≈#≈≈≈P≈≈≈≈≈≈≈≈
≈≈≈.≈#≈≈("|%P≈≈≈
#≈≈≈P@m≈}≈≈≈≈ .
#≈†††l≈W:≈≈≈≈ .
#≈≈≈≈}|($≈≈≈≈ #
#≈≈†≈≈≈≈≈≈≈≈≈ ..
#≈P≈≈≈≈≈≈P≈≈≈ #..
#.≈≈≈≈≈≈≈≈≈≈8
#...
#####≈P≈≈####
.... ≈≈≈≈≈≈≈ ....
≈8.≈≈≈


You could see a merfolk avatar, a basilisk and a drowned soul.

Vanquished Creatures
  The ghost of Quhighogh the Blocker, a journeyman FoFi of Kikubaaqudgha (D:15)
  A minotaur (D:15)
  A dire elephant (D:15)
  A yaktaur captain (D:15)
  Harold (D:7)
  5 hydras
  A vault guard (D:13)
  2 two-headed ogres
  Erica (Lair:1)
  4 centaur warriors
  A queen ant (shapeshifter) (D:15)
  2 tengu warriors
  Urug (Lair:1)
  Nergalle (Lair:3)
  A skeletal warrior (D:15)
  A sea snake (Lair:5)
  3 wizards
  4 unseen horrors
  A wolf spider (D:15)
  2 necromancers (D:13)
  An orc knight (D:13)
  A wolf spider zombie (D:15)
  An ugly thing (D:13)
  2 manticores
  6 slime creatures (D:15)
  A salamander (D:15)
  3 deep elf magi
  A cyclops (D:15)
  4 elephants
  A merfolk siren (Lair:2)
  Maurice (D:10)
  2 black mambas
  14 spiny frogs
  5 centaur skeletons
  3 gargoyles
  12 rime drakes
  15 komodo dragons
  An efreet (D:14)
  3 kobold demonologists
  A tengu conjurer (D:13)
  7 trolls
  A polar bear (Lair:5)
  A wind drake (shapeshifter) (D:13)
  A hornet (D:12)
  15 blink frogs
  19 hippogriffs
  2 wraiths
  33 yaks
  13 wyverns
  3 basilisks
  22 humans (D:13)
  Grum (D:10)
  A warg (D:11)
  An acid dragon (D:12)
  13 water moccasins
  10 porcupines
  5 sky beasts
  Purgy (D:4)
  4 orc warriors
  4 ice beasts
  4 phantoms
  4 black bears
  6 ogres
  23 wolves
  4 boggarts (Lair:6)
  11 crocodiles
  13 centaurs
  A big kobold (D:15)
  16 bullfrogs
  A water moccasin zombie (D:6)
  2 wyvern skeletons (D:10)
  9 scorpions
  6 wights
  A killer bee (D:13)
  5 howler monkeys
  4 crimson imps
  3 bullfrog zombies
  6 centaur zombies
  A quasit (D:5)
  3 jellies
  A wyvern simulacrum (D:14)
  9 orc priests
  2 bullfrog skeletons
  4 hounds
  7 worker ants
  4 iguanas
  10 orc wizards
  2 hound zombies
  A hound skeleton (D:4)
  A howler monkey skeleton (D:4)
  2 worker ant zombies
  16 adders
  3 shadow imps
  An ooze (D:4)
  2 worms (D:2)
  7 dart slugs
  2 leopard geckos
  27 orcs
  5 bats
  7 giant cockroaches
  7 goblins
  15 hobgoblins
  11 jackals
  10 kobolds
  6 quokkas
  2 ball pythons
  7 frilled lizards
  A giant cockroach zombie (D:5)
  A leopard gecko skeleton (D:4)
  7 rats
573 creatures vanquished.

Vanquished Creatures (others)
  A bush (Lair:6)
  8 fungi
  4 plants
13 creatures vanquished.

Grand Total: 586 creatures vanquished

Notes
Turn   | Place    | Note
-------+----------+-------------------------------------------
     0 | D:1      | ejonkindoriin the Minotaur Fighter began the quest for the
                  | Orb.
     0 | D:1      | Reached XP level 1. HP: 19/19 MP: 0/0
   328 | D:1      | Reached XP level 2. HP: 27/27 MP: 1/1
   485 | D:1      | Reached XP level 3. HP: 32/33 MP: 2/2
   493 | D:1      | Reached skill level 4 in Shields
   806 | D:2      | Reached XP level 4. HP: 37/40 MP: 3/3
  1222 | D:2      | Reached XP level 5. HP: 47/47 MP: 4/4
  1239 | D:2      | Found a basalt altar of Yredelemnul.
  1239 | D:2      | Found a shattered altar of Ashenzari.
  1252 | D:2      | Found a faded altar of an unknown god.
  1256 | D:2      | Found a faded altar of an unknown god.
  1258 | D:2      | Found a shimmering altar of Xom.
  1557 | D:3      | Found a faded altar of an unknown god.
  1754 | D:3      | Reached skill level 5 in Maces & Flails
  2083 | D:3      | Reached XP level 6. HP: 43/55 MP: 5/5
  2326 | D:4      | Reached skill level 5 in Shields
  2328 | D:4      | Reached skill level 5 in Fighting
  2609 | D:4      | Reached skill level 5 in Armour
  2851 | D:4      | Found a staircase to the Ecumenical Temple.
  2877 | Temple   | Entered the Ecumenical Temple
  2915 | Temple   | Became a worshipper of Warmaster Okawaru
  2956 | D:4      | Found Wauviu Yppe's Armour Boutique.
  3070 | D:4      | Noticed Purgy
  3072 | D:4      | Reached XP level 7. HP: 61/61 MP: 6/6
  3102 | D:4      | Killed Purgy
  3510 | D:5      | Entered Level 5 of the Dungeon
  3516 | D:5      | Found a blossoming altar of Fedhas.
  3516 | D:5      | Found a burning altar of Makhleb.
  3517 | D:5      | Found an ancient bone altar of Kikubaaqudgha.
  3520 | D:5      | Found a shadowy altar of Dithmenos.
  3520 | D:5      | Found a glowing silver altar of Zin.
  3521 | D:5      | Found a hide-covered altar of Uskayaw.
  3677 | D:5      | Reached skill level 6 in Shields
  3879 | D:5      | Reached * piety under Okawaru
  3879 | D:5      | Reached XP level 8. HP: 61/70 MP: 7/7
  4765 | D:6      | Reached skill level 7 in Shields
  4825 | D:6      | Reached ** piety under Okawaru
  5529 | D:7      | Reached XP level 9. HP: 64/79 MP: 8/8
  5757 | D:7      | Noticed Harold
  5774 | D:7      | Killed Harold
  5774 | D:7      | Reached *** piety under Okawaru
  5774 | D:7      | Reached skill level 10 in Maces & Flails
  5823 | D:7      | Reached skill level 8 in Shields
  6468 | D:8      | Found Mumiep's Weapon Shop.
  6559 | D:8      | Found Quatad's Armour Shop.
  6584 | D:8      | Reached **** piety under Okawaru
  6648 | D:8      | Reached XP level 10. HP: 69/90 MP: 9/9
  7002 | D:8      | Found Anluigga's Weapon Shoppe.
  8076 | D:9      | Noticed a two-headed ogre
  8082 | D:9      | Reached skill level 9 in Shields
  8093 | D:9      | Killed a two-headed ogre
  8093 | D:9      | Reached ***** piety under Okawaru
  8552 | D:10     | Entered Level 10 of the Dungeon
  8749 | D:10     | Noticed Maurice
  8817 | D:10     | Found a staircase to the Lair.
  9386 | D:10     | Noticed Grum
  9395 | D:10     | Killed Grum
  9413 | D:10     | Noticed a gargoyle
  9420 | D:10     | Killed a gargoyle
  9442 | D:10     | Received a gift from Okawaru
  9442 | D:10     | Reached XP level 11. HP: 68/99 MP: 10/10
  9790 | D:10     | Reached skill level 10 in Shields
  9818 | D:10     | Killed Maurice
  9818 | D:10     | Reached skill level 10 in Fighting
  9818 | D:10     | Reached skill level 10 in Armour
  9964 | D:10     | Got a coiled granite ring
 10111 | D:10     | Identified the ring of Cunnaf {rElec rF+ Slay+2} (You found
                  | it on level 10 of the Dungeon)
 10179 | D:11     | Got a steaming war axe
 10363 | D:11     | Found a staircase to the Orcish Mines.
 10603 | D:11     | Found a flagged portal.
 10877 | D:11     | Killed an unseen horror
 11443 | D:4      | Bought the +6 large shield of the Sea {rElec rF+ rCorr
                  | Int-3} for 548 gold pieces
 11824 | D:12     | Received a gift from Okawaru
 11832 | D:12     | Got a pair of pitted gloves {god gift}
 11858 | D:12     | Identified the +0 pair of gloves of the Illusory Planets
                  | {MR++ Int+3} (Okawaru gifted it to you on level 12 of the
                  | Dungeon)
 11989 | D:12     | Paralysed by a hornet for 3 turns
 12244 | D:12     | Noticed a centaur warrior
 12253 | D:12     | Killed a centaur warrior
 12760 | D:13     | Noticed a deep elf mage
 12776 | D:13     | Noticed a brown ugly thing
 12827 | D:13     | Noticed an orc knight
 12867 | D:13     | Reached skill level 11 in Shields
 12889 | D:13     | Noticed a wizard
 12895 | D:13     | Noticed a tengu warrior
 12902 | D:13     | Killed a wizard
 12934 | D:13     | Killed a tengu warrior
 12934 | D:13     | Reached XP level 12. HP: 55/110 MP: 11/11
 13102 | D:13     | Reached skill level 12 in Shields
 13346 | D:13     | Received a gift from Okawaru
 13354 | D:13     | Reached ****** piety under Okawaru
 13363 | D:13     | Got a shimmering plate armour {god gift}
 13374 | D:13     | Identified the +9 plate armour "Vokits" {Str-2 Dex+4}
                  | (Okawaru gifted it to you on level 13 of the Dungeon)
 13494 | D:13     | Reached skill level 1 in Invocations
 13537 | D:13     | Noticed a vault guard
 13562 | D:13     | Killed a vault guard
 13577 | D:13     | Reached skill level 13 in Shields
 13674 | D:13     | Found a gate to the Vaults.
 13905 | D:13     | Noticed a centaur warrior
 13918 | D:13     | Killed a centaur warrior
 14254 | D:14     | Noticed a two-headed ogre
 14254 | D:14     | Noticed a centaur warrior
 14265 | D:14     | Killed a two-headed ogre
 14273 | D:14     | Killed a centaur warrior
 14273 | D:14     | Received a gift from Okawaru
 14276 | D:14     | Reached XP level 13. HP: 111/119 MP: 14/14
 15049 | D:15     | Entered Level 15 of the Dungeon
 15132 | D:15     | Found Zeuluc's Antique Armour Shoppe.
 15189 | D:15     | Reached skill level 14 in Shields
 15546 | D:15     | Found a runed translucent gate.
 15546 | D:15     | Found a runed translucent gate.
 15547 | D:15     | Found a runed translucent gate.
 15549 | D:15     | Noticed a minotaur
 15550 | D:15     | Noticed Quhighogh's ghost (journeyman FoFi)
 15571 | D:15     | Reached skill level 5 in Invocations
 15875 | D:15     | Noticed a dire elephant
 15906 | D:15     | Received a gift from Okawaru
 15918 | D:15     | Killed a dire elephant
 15919 | D:15     | Found a staircase to the Depths.
 16017 | D:15     | Killed Quhighogh's ghost
 16017 | D:15     | Reached skill level 1 in Evocations
 16023 | D:15     | Reached skill level 15 in Shields
 16045 | D:15     | Killed a minotaur
 16238 | Lair:1   | Entered Level 1 of the Lair of Beasts
 16274 | Lair:1   | Found the +5 scythe "Finisher" {speed, eviscerate}
 16327 | Lair:1   | Received a gift from Okawaru
 16334 | Lair:1   | Got a bloodstained crystal plate armour {god gift}
 16366 | Lair:1   | Identified the +1 crystal plate armour of the Shoals {rElec
                  | rF+ rCorr} (Okawaru gifted it to you on level 1 of the Lair
                  | of Beasts)
 16383 | Lair:1   | Noticed Urug
 16401 | Lair:1   | Killed Urug
 16592 | Lair:1   | Noticed Erica
 16604 | Lair:1   | Killed Erica
 16604 | Lair:1   | Reached XP level 14. HP: 113/129 MP: 17/17
 17673 | Lair:2   | Found a staircase to the Shoals.
 18528 | Lair:3   | Found a hole to the Spider Nest.
 18604 | Lair:3   | Noticed Nergalle
 18622 | Lair:3   | Killed Nergalle
 18642 | Lair:3   | Reached skill level 16 in Shields
 19146 | Lair:4   | Received a gift from Okawaru
 19170 | Lair:4   | Got a brightly glowing hat {god gift}
 19176 | Lair:4   | Identified the +2 hat "Pujilig" {rN+ Slay+4} (Okawaru
                  | gifted it to you on level 4 of the Lair of Beasts)
 19672 | D:8      | Bought the +3 pair of boots of Okawaru's Outrage {rElec rC+
                  | Slay+2} for 733 gold pieces
 20779 | Lair:6   | Entered Level 6 of the Lair of Beasts
 21017 | Lair:5   | Reached XP level 15. HP: 87/138 MP: 12/19
 21033 | Lair:5   | Reached skill level 5 in Evocations
 21062 | Lair:5   | Received a gift from Okawaru
 21129 | Lair:6   | Reached skill level 17 in Shields
 21410 | Lair:6   | Drowned by a drowned soul

Levels and vault maps discovered:
D:1:      wander_arrival_lonely_grave, layout_rooms
D:2:      layout_loops_ring, chequers_temple_overflow_minitemple,
          serial_bayou_lagoon_b
D:3:      layout_loops_ring, first_ration, chequers_ecumenical_altar_island
D:4:      layout_basic, minmay_temple_entry_butterflies, serial_shops, shop,
          kennysheep_generic_room_12, uniq_purgy
D:5:      layout_rooms, grunt_temple_overflow_open
D:6:      layout_loops_cross, minmay_misc_feat_nine_boxes
D:7:      layout_loops_ring, uniq_harold
D:8:      layout_basic, serial_shops, kennysheep_mini_moat, shop, shop,
          minmay_fractal_squares_5
D:9:      layout_gridville
D:10:     layout_stronghold, lair_entry_dummy, uniq_maurice, uniq_grum
D:11:     layout_basic, david_orc_3, enter_bailey_2
D:12:     layout_irregular_city
D:13:     layout_irregular_city, grunt_vaults_entry_tiered, grunt_livestock,
          minmay_fractal_squares_gapless_7
D:14:     layout_stronghold, nrook_uturn, minmay_between
D:15:     hangedman_depths_entry_try_elsewhere_first, layout_basic,
          grunt_decor_clamped, serial_shops, shop,
          maelrawn_ghost_gauntlet_escape
Temple:   nicolae_temple_god_jail
Lair:1:   layout_hall_layers, grunt_megastairs_2, uniq_erica, uniq_urug
Lair:2:   layout_layer_cave, minmay_shoals_entry_lonely_mermaid,
          beast_lair_carwin_4
Lair:3:   layout_chaotic_city, dummy_spider_entry, minmay_lair_oklob_chamber,
          grunt_megastairs_3, serial_bayou_shore_b, uniq_nergalle
Lair:4:   layout_cave_pods, special_room [special_room_mythical_zoo],
          minivault_25
Lair:5:   layout_cave_pods, cheibrodos_lair_reptile_den
Lair:6:   gammafunk_lair_ancient_temple, layout_regular_city,
          minmay_slime_entry_pillars, basic_altar, kilobyte_rumbling_trees

Skill      XL: |  1  2  3  4  5  6  7  8  9 10 11 12 13 14 15 |
---------------+----------------------------------------------+-----
Maces & Flails | 3 4 5 6 7 9 11 12 14 | 14.0
Shields        | 4 5 6 7 8 9 11 13 15 16 17 | 17.1
Fighting       | 4 5 6 7 8 9 11 12 13 14 | 14.4
Armour         | 4 5 6 7 8 9 11 12 13 14 | 14.4
Invocations    | 3 6 7 |  7.9
Evocations     | 2 4 5 |  5.0

Action                   |  1- 3 |  4- 6 |  7- 9 | 10-12 | 13-15 || total
-------------------------+-------+-------+-------+-------+-------++-------
Melee: Flail             |    97 |   241 |   382 |   745 |  1249 ||  2714
       Headbutt          |     9 |    35 |    66 |   150 |   349 ||   609
       Unarmed           |       |       |       |    27 |       ||    27
Invok: Heroism           |       |       |     1 |     4 |     9 ||    14
       Finesse           |       |       |       |       |     7 ||     7
 Abil: Evoke Berserk Rag |       |       |       |     1 |       ||     1
  Use: Scroll            |       |       |     9 |    14 |     5 ||    28
       Potion            |       |       |       |     3 |     1 ||     4
  Eat: Chunk             |       |     8 |     8 |    18 |    18 ||    52
       Ration            |       |       |     1 |     2 |     2 ||     5
Armor: Scale mail        |    71 |    25 |       |       |       ||    96
       Plate armour      |       |   109 |   254 |   407 |   506 ||  1276
       Skin              |       |       |       |     5 |       ||     5
Dodge: Dodged            |    44 |    46 |    86 |   112 |   119 ||   407
Block: Shield            |    73 |   118 |   258 |   158 |       ||   607
       Large shield      |       |       |       |   519 |  1332 ||  1851

Table legend:
 A = Non-vault XP
 B = Vault XP
 C = Vault XP percentage of total XP
 D = Non-vault monster count
 E = Vault monster count
 F = Vault count percentage of total count
                 A         B        C        D         E       F
            +---------+---------+-------+---------+---------+-------
      Total |   60078 |   50597 |  45.7 |     415 |     158 |  27.6
            +---------+---------+-------+---------+---------+-------
        D:1 |      64 |       0 |   0.0 |      32 |       0 |   0.0
        D:2 |     134 |       0 |   0.0 |      28 |       0 |   0.0
        D:3 |     227 |       0 |   0.0 |      29 |       0 |   0.0
        D:4 |     376 |     201 |  34.8 |      18 |       3 |  14.3
        D:5 |     802 |       0 |   0.0 |      16 |       0 |   0.0
        D:6 |     928 |       0 |   0.0 |      19 |       0 |   0.0
        D:7 |     825 |    1002 |  54.8 |      15 |       1 |   6.2
        D:8 |     862 |     792 |  47.9 |      17 |       6 |  26.1
        D:9 |    2241 |       0 |   0.0 |      16 |       0 |   0.0
       D:10 |    3017 |     986 |  24.6 |      20 |       5 |  20.0
       D:11 |    1472 |     412 |  21.9 |      14 |       8 |  36.4
       D:12 |    3375 |       0 |   0.0 |      18 |       0 |   0.0
       D:13 |    6152 |   11173 |  64.5 |      22 |      39 |  63.9
       D:14 |    4570 |    1417 |  23.7 |       9 |       4 |  30.8
       D:15 |   10064 |    9386 |  48.3 |      32 |      11 |  25.6
     Lair:1 |    1228 |    3640 |  74.8 |       8 |      10 |  55.6
     Lair:2 |    5757 |    1663 |  22.4 |      21 |       8 |  27.6
     Lair:3 |    3965 |    2351 |  37.2 |      19 |      11 |  36.7
     Lair:4 |    5264 |    8413 |  61.5 |      24 |      25 |  51.0
     Lair:5 |    6479 |    6166 |  48.8 |      31 |      15 |  32.6
     Lair:6 |    2276 |    2995 |  56.8 |       7 |      12 |  63.2
            +---------+---------+-------+---------+---------+-------
